 Dungeon Crawl Stone Soup version 0.30.1-3-gfc49f6343a (webtiles) character file.

Game seed: 1315660917645093549

1057 Anriel the Covered (level 8, -2/62 HPs)
             Began as a Human Fighter on Aug 1, 2023.
             Splashed by a jelly's acid (9 damage)
             ... on level 5 of the Dungeon.
             The game lasted 00:21:40 (4601 turns).

Anriel the Covered (Human Fighter)                  Turns: 4601, Time: 00:21:41

Health: -2/62      AC: -1    Str: 19    XL:     8   Next: 51%
Magic:  8/8        EV:  9    Int:  9    God:
Gold:   209        SH:  9    Dex: 12    Spells: 7/7 levels left

rFire   . . .        a - +0 flail
rCold   + + .        e - +0 kite shield
rNeg    . . .        s - +3 ring mail {rC+}
rPois   .            (no helmet)
rElec   .            g - +0 cloak
rCorr   .            (no gloves)
SInv    .            (no boots)
Will    .....        (no amulet)
Stlth   +            i - +4 ring of protection
HPRegen 0.30/turn    t - ring of protection from cold
MPRegen 0.11/turn

%: no passive effects
@: about to teleport, corroded
A: no striking features
a: no special abilities


You were on level 5 of the Dungeon.
You visited 1 branch of the dungeon, and saw 5 of its levels.
You also visited: Sewer.

You collected 287 gold pieces.
You spent 78 gold pieces at shops.

Inventory:

Hand Weapons
 a - a +0 flail (weapon)
Missiles
 f - a throwing net
 n - 8 boomerangs
 p - 5 javelins (quivered)
Armour
 e - a +0 kite shield (worn)
 g - a +0 cloak (worn)
 s - a +3 ring mail of cold resistance (worn)
Magical Staves
 m - the staff of conjuration "Duipnu" {rPois rF+}
   (You found it on level 2 of the Dungeon)

   [staff of conjuration]

   Base accuracy: +5 Base damage: 5 Base attack delay: 1.2 This weapon's minimum
   attack delay (0.6) is reached at skill level 12.
   rF:        It protects you from fire.
   rPois:     It protects you from poison.
   It falls into the 'Staves' category.
   It is a one-handed weapon.
Jewellery
 b - a ring of wizardry
 i - a +4 ring of protection (left hand)
 t - a ring of protection from cold (right hand)
Wands
 r - a wand of polymorph (4)
Scrolls
 h - 6 scrolls of identify
 j - a scroll of enchant armour
 k - a scroll of poison
 l - a scroll of teleportation
 o - a scroll of acquirement {unknown}
 q - a scroll of immolation
 u - a scroll of magic mapping
Potions
 d - a potion of might
 v - a potion of curing


   Skills:
 - Level 5.0 Fighting
 - Level 5.2 Maces & Flails
 + Level 2.6 Throwing
 * Level 5.5 Armour
 * Level 5.0 Shields


You had 7 spell levels left.
You didn't know any spells.
Your spell library contained the following spells:

 Spells                   Type           Power      Damage    Failure   Level
 Magic Dart               Conj           0%         1d3       85%         1
 Shock                    Conj/Air       0%         1d3       85%         1
 Searing Ray              Conj           0%         2d4       94%         2
 Swiftness                Air            0%         N/A       99%         3
 Airstrike                Air            0%         2d(0-16)  100%        4
 Animate Dead             Necr           0%         N/A       100%        4
 Fulminant Prism          Conj/Hex       0%         3d5       100%        4
 Leda's Liquefaction      Hex/Erth       0%         N/A       100%        4
 Borgnjor's Vile Clutch   Necr/Erth      0%         N/A       100%        5
 Fireball                 Conj/Fire      0%         3d3       100%        5
 Iskenderun's Battlesphe  Conj           0%         2d6       100%        5
 Lee's Rapid Deconstruct  Erth           0%         3d4*      100%        5
 Conjure Ball Lightning   Conj/Air       0%         3x3d6     100%        6
 Death Channel            Necr           0%         N/A       100%        6
 Statue Form              Tmut/Erth      0%         N/A       100%        6
 Orb of Destruction       Conj           0%         9d5       100%        7


Dungeon Overview and Level Annotations

Branches:
Dungeon (5/15)              Sewer (visited)
 Temple: D:4-7

Altars:
Hepliaklqana
Makhleb

Shops:
D:5 ?

Annotations:
D:4 2 runed translucent doors, Peloso's ghost, amateur DsFi
D:5 Pikel


Message History

The jelly is almost dead.
You block the jelly's attack.
Blink to where?
Press: ? - help, Dir - move target
As you read the scroll of blinking, it crumbles to dust.
The jelly jiggles.
Throw: 8 boomerangs
Press: ? - help, Q - select action, (/) - cycle Shift-Dir - straight line, f - jelly
Aim: a jelly (translocational energy, almost dead, 90% to hit)
You throw a boomerang.
The boomerang hits the jelly but does no damage.
The jelly is almost dead.
Throw: 8 boomerangs
Press: ? - help, Q - select action, (/) - cycle Shift-Dir - straight line, f/p - jelly
Aim: a jelly (almost dead, 90% to hit)
You throw a boomerang.
The boomerang hits the jelly but does no damage.
The jelly is almost dead.
Throw: 8 boomerangs
Press: ? - help, Q - select action, (/) - cycle Shift-Dir - straight line, f/p - jelly
Aim: a jelly (almost dead, 90% to hit)
You throw a boomerang. The boomerang barely misses the jelly.
The boomerang barely misses Pikel.
Unknown command.
As you read the scroll of teleportation, it crumbles to dust.
You feel strangely unstable. The jelly hits you but does no damage.
Throw: 6 javelins
Press: ? - help, Q - select action, (/) - cycle Shift-Dir - straight line, f/p - jelly
Aim: a jelly (almost dead, 90% to hit)
You throw a javelin. The javelin barely misses the jelly.
The javelin pierces through Pikel!
Pikel is lightly wounded.
The jelly hits you.
* * * LOW HITPOINT WARNING * * *
You are splashed with acid!
* * * LOW HITPOINT WARNING * * *
The jelly attacks as you move away! The jelly hits you.
* * * LOW HITPOINT WARNING * * *
The acid corrodes you!
You are splashed with acid!
You die...

.....#.#'##.........##.....##...#
.....###..#.........†......######
.....†....'.....######<.....#
...###....##....##..##.....##
######....##....##..##......#####
..........##....##..#............
..........#.........#...####'####
..........#.........#...'.......+
...............K@...#...#.#...#.#
...###.##.####.J###.#####.#._.#.#
...###.##.####5.###.#####.#...#.#
.......#....5.........#.'.......'
.......#..........†...#.####'####
#####.....5(##...##...###....#
...##..##.####...##...# ######
...##..##...##..........
.........5..............#


You could see Pikel, 3 lemures and a jelly.

Vanquished Creatures
  A sky beast (D:5)
  A centaur (D:4)
  A scorpion (D:4)
  3 bullfrogs
  5 killer bees (D:5)
  A jelly (D:5)
  A hound (D:5)
  3 iguanas (D:5)
  6 gnolls
  10 adders
  An ufetubus (D:3)
  5 worms
  An orc (D:3)
  12 ball pythons
  5 bats
  14 endoplasms
  11 giant cockroaches
  8 goblins
  5 hobgoblins
  2 jackals (D:3)
  11 quokkas
  7 frilled lizards
  8 kobolds
  3 rats (D:3)
125 creatures vanquished.

Notes
Turn   | Place    | Note
-------+----------+-------------------------------------------
     0 | D:1      | Anriel the Human Fighter began the quest for the Orb.
     0 | D:1      | Reached XP level 1. HP: 18/18 MP: 1/1
   102 | D:1      | Reached XP level 2. HP: 23/24 MP: 2/2
   160 | D:1      | Reached XP level 3. HP: 25/29 MP: 3/3
  1105 | D:2      | Reached XP level 4. HP: 32/35 MP: 4/4
  1253 | D:2      | Identified the staff of conjuration "Duipnu" {rPois rF+}
  1740 | D:3      | Found a burning altar of Makhleb.
  1819 | D:3      | Reached XP level 5. HP: 42/42 MP: 5/5
  1831 | D:3      | Found a faded altar of an unknown god.
  2199 | D:3      | Found a glowing drain.
  2217 | Sewer    | Entered a sewer
  2483 | Sewer    | Noticed a bullfrog
  2483 | Sewer    | Noticed a bullfrog
  2492 | Sewer    | Killed a bullfrog
  2493 | Sewer    | Reached skill level 5 in Maces & Flails
  2493 | Sewer    | Reached XP level 6. HP: 49/49 MP: 6/6
  2978 | D:4      | Reached skill level 5 in Fighting
  2978 | D:4      | Reached XP level 7. HP: 48/56 MP: 7/7
  3128 | D:4      | HP: 1/56 [bullfrog (6)]
  3298 | D:4      | Reached skill level 1 in Throwing
  3382 | D:4      | Found a large runed translucent door.
  3382 | D:4      | Found a large runed translucent door.
  3384 | D:4      | Noticed Peloso's ghost (amateur DsFi)
  3651 | D:5      | Entered Level 5 of the Dungeon
  3872 | D:5      | Found Qybb's Magic Scroll Boutique.
  3879 | D:5      | Bought a scroll of identify for 26 gold pieces
  3879 | D:5      | Bought a scroll of identify for 26 gold pieces
  3879 | D:5      | Bought a scroll of identify for 26 gold pieces
  3940 | D:5      | Reached XP level 8. HP: 40/62 MP: 8/8
  3999 | D:5      | Reached skill level 5 in Armour
  4268 | D:5      | Found a hazy altar of Hepliaklqana.
  4524 | D:5      | Reached skill level 5 in Shields
  4584 | D:5      | Noticed Pikel
  4601 | D:5      | Splashed by a jelly's acid

Illustrated notes

Levels and vault maps discovered:
D:1:      roderic_dead_forest, layout_basic, minmay_cut_off
D:2:      layout_basic
D:3:      layout_basic, old_standard_altar, cheibrodos_sewer_entry_bend,
          hellmonk_ecumenical_altar_run_dry, minmay_bisected
D:4:      layout_cave_pools, ebering_ghost_disaster_area
D:5:      layout_gridville, mainiacjoe_overflow_six_doors_small, serial_shops,
          nicolae_shop_rolling_square, uniq_ijyb, uniq_pikel

Skill      XL: |  1  2  3  4  5  6  7  8 |
---------------+-------------------------+-----
Maces & Flails | 3 4 5 |  5.2
Fighting       | 4 5 |  5.0
Throwing       | 1 2 |  2.6
Armour         | 4 5 |  5.5
Shields        | 4 5 |  5.0

Action                     |  1- 3 |  4- 6 |  7- 9 || total
---------------------------+-------+-------+-------++-------
  Melee: Flail             |    76 |   277 |   176 ||   529
  Throw: Boomerang         |       |       |     5 ||     5
         Javelin           |       |       |     1 ||     1
    Use: Scroll            |     2 |     9 |     8 ||    19
         Potion            |       |     1 |     7 ||     8
 Armour: Scale mail        |    34 |   143 |       ||   177
         Ring mail         |       |    12 |   118 ||   130
  Dodge: Dodged            |    29 |   121 |    91 ||   241
  Block: Buckler           |     5 |       |       ||     5
         Kite shield       |    11 |   151 |   123 ||   285
